 Dungeon Crawl Stone Soup version 0.30-a0-779-g7971cf19c3 (webtiles) character file.

Game seed: 5909559243436881377

1 DEFE the Trooper (level 1, -3/16 HPs)
             Began as a Demonspawn Wanderer on Feb 17, 2023.
             Slain by a gnoll
             ... wielding a +0 whip
              (5 damage)
             ... on level 1 of the Dungeon.
             The game lasted 00:00:12 (92 turns).

DEFE the Trooper (Demonspawn Wanderer)                Turns: 92, Time: 00:00:13

Health: -3/16      AC:  3    Str: 14    XL:     1   Next: 16%
Magic:  3/3        EV: 11    Int: 11    God:
Gold:   0          SH:  0    Dex: 12    Spells: 3/4 levels left

rFire   . . .      SeeInvis .    a - +0 club
rCold   . . .      Faith    .    (no shield)
rNeg    . . .      Spirit   .    d - +0 leather armour
rPois   .          Reflect  .    (no helmet)
rElec   .          Harm     .    (no cloak)
rCorr   .          Rampage  .    (no gloves)
Will    .....                    (no boots)
Stlth   +                        (no amulet)
HPRegen 0.22/turn                (no ring)
MPRegen 0.08/turn                (no ring)

@: no status effects
A: no striking features
a: no special abilities


You were on level 1 of the Dungeon.
You visited 1 branch of the dungeon, and saw 1 of its levels.

Inventory:

Hand Weapons
 a - a +0 club (weapon)
Armour
 d - a +0 leather armour (worn)
Scrolls
 c - 2 scrolls of fear
Potions
 b - a potion of attraction
 f - a potion of heal wounds {unknown}
Miscellaneous
 e - a lightning rod (4/4)


   Skills:
 + Level 2.1 Fighting
 - Level 1.0 Armour
 - Level 2.0 Spellcasting
 - Level 2.0 Hexes
 - Level 1.2 Invocations
 - Level 2.0 Evocations


You had 3 spell levels left.
You knew the following spells:

 Your Spells              Type           Power      Damage    Failure   Level
a - Slow                  Hex            20%        N/A       16%         1

Your spell library contained the following spells:

 Spells                   Type           Power      Damage    Failure   Level
 Confusing Touch          Hex            5%         N/A       43%         3


Dungeon Overview and Level Annotations

Branches:
Dungeon (1/15)

Altars:


Message History

You see here 5 stones.
The giant cockroach bites you but does no damage.
The giant cockroach closely misses you.
You completely miss the giant cockroach.
The giant cockroach misses you.
You barely miss the giant cockroach.
The giant cockroach closely misses you. x2
You hit the giant cockroach.
The giant cockroach bites you but does no damage.
You hit the giant cockroach. The giant cockroach barely misses you.
The giant cockroach bites you but does no damage.
You closely miss the giant cockroach. The giant cockroach misses you.
You hit the giant cockroach.
You kill the giant cockroach!
No target in view!
No target in view!
No target in view!
No target in view!
No target in view!
No target in view!
No target in view!
No target in view!
No target in view!
No target in view!
No target in view!
f - an amethyst potion A gnoll comes into view.
It is wielding a +0 whip.
The gnoll shouts!
A gnoll is nearby!
Found a scroll of fear.
The gnoll hits you with a +0 whip.
You take 3 damage, and have 13/16 hp.
You barely miss the gnoll. The gnoll hits you with a +0 whip!
The gnoll barely misses you.
You are too injured to fight recklessly!
You take 6 damage, and have 7/16 hp.
MASSIVE DAMAGE!!
You closely miss the gnoll. The gnoll hits you with a +0 whip.
* * * LOW HITPOINT WARNING * * *
You hit the gnoll. The gnoll barely misses you.
You hit the gnoll. The gnoll hits you with a +0 whip.
You die...

### ##.##########
######............
..........########
#######.###
#.#########.#
#...g@......#
########
.......########
#....... .....#.
######## ###. ?.
#...# # ##. #...#
#. ###...## #.
#....... #.
###.......
..........


You could see a gnoll.

Vanquished Creatures
  A giant cockroach (D:1)
1 creature vanquished.

Notes
Turn   | Place    | Note
-------+----------+-------------------------------------------
     0 | D:1      | DEFE the Demonspawn Wanderer began the quest for the Orb.
     0 | D:1      | DEFE set off with the following items: a +0 club, a potion
                  | of attraction, a scroll of fear, a +0 leather armour, a
                  | lightning rod (4/4); and the following spell memorised:
                  | Slow; and the following spells available to memorise:
                  | Confusing Touch.
     0 | D:1      | Reached XP level 1. HP: 16/16 MP: 3/3
    92 | D:1      | Slain by a gnoll

Illustrated notes

Levels and vault maps discovered:
D:1:      minmay_arrival_cross, layout_loops_ring,
          hellmonk_ecumenical_altar_leap_of_faith

Action                     || total
---------------------------++-------
  Melee: Club              ||    10
 Armour: Leather armour    ||     3
  Dodge: Dodged            ||     8

Table legend: (Time is in decaauts)
 A = Elapsed time spent in this place.
 B = Non-inter-level travel time spent in this place.
 C = Inter-level travel time spent in this place.
 D = Time resting spent in this place.
 E = Time spent auto-exploring this place.
 F = Levels seen in this place.
 G = Mean time per level.
                   A        B        C        D        E       F      G
               +--------+--------+--------+--------+--------+-----+--------+
         Total |     94 |     94 |      0 |      0 |     73 |   1 |   94.0 |
       Dungeon |     94 |     94 |      0 |      0 |     73 |   1 |   94.0 |
               +--------+--------+--------+--------+--------+-----+--------+

Top non-repeatable levels by time:
     D:1: 94 daAuts
